 Dungeon Crawl Stone Soup version 0.23-a0-635-g88ca12a (webtiles) character file.

274 Ijustatesigmund the Magician (level 6, 0/44 HPs)
             Began as a Gnoll Wizard on Dec 27, 2018.
             Slain by a small abomination (12 damage)
             ... on level 1 of the Abyss.
             The game lasted 00:06:33 (2721 turns).

Ijustatesigmund the Magician (Gnoll Wizard)         Turns: 2721, Time: 00:06:34

Health: 0/44       AC:  4    Str: 10    XL:     6   Next: 24%
Magic:  2/16       EV: 14    Int: 20    God:
Gold:   149        SH:  0    Dex: 15    Spells: 10/19 levels left

rFire    . . .     SeeInvis .   c - +1 spear
rCold    . . .     Gourm    .   (no shield)
rNeg     . . .     Faith    .   a - +0 leather armour
rPois    .         Spirit   .   j - +0 helmet
rElec    .         Reflect  .   (no cloak)
rCorr    .         Harm     .   (no gloves)
MR       .....                  (no boots)
Stlth    ++........             (no amulet)
HPRegen  0.14/turn              k - ring of attention (curse)
MPRegen  0.15/turn              (no ring)

@: no status effects
A: distributed training, fangs 1, strong nose
a: no special abilities


You were on level 1 of the Abyss.
You were not hungry.

You visited 1 branch of the dungeon, and saw 3 of its levels.
You visited the Abyss 1 time.

You collected 149 gold pieces.

Inventory:

Hand Weapons
 c - a +1 spear (weapon)
Armour
 a - a +0 leather armour (worn)
 b - a +0 hat
 j - a +0 helmet (worn)
Jewellery
 k - a cursed ring of attention (left hand)
Wands
 n - a wand of polymorph (8)
Scrolls
 l - 2 scrolls of teleportation
Potions
 e - a potion of lignification
 f - a potion of resistance {unknown}
 g - 2 potions of brilliance {unknown}
 h - a potion of heal wounds {unknown}
 i - 2 potions of flight {unknown}
 m - 2 potions of degeneration {unknown}
Comestibles
 d - 3 rations


   Skills:
 + Level 1.8 Fighting
 + Level 1.8 Short Blades
 + Level 1.8 Long Blades
 + Level 1.8 Axes
 + Level 1.8 Maces & Flails
 + Level 1.8 Polearms
 + Level 1.8 Staves
 + Level 1.8 Slings
 + Level 1.8 Bows
 + Level 1.8 Crossbows
 + Level 1.8 Throwing
 + Level 1.8 Armour
 + Level 4.9 Dodging
 + Level 4.5 Stealth
 + Level 1.8 Shields
 + Level 1.8 Unarmed Combat
 + Level 7.4 Spellcasting
 + Level 2.5 Conjurations
 + Level 1.4 Hexes
 + Level 1.4 Charms
 + Level 2.5 Summonings
 + Level 1.4 Necromancy
 + Level 2.5 Translocations
 + Level 1.4 Transmutations
 + Level 1.4 Fire Magic
 + Level 1.4 Ice Magic
 + Level 1.4 Air Magic
 + Level 1.4 Earth Magic
 + Level 1.4 Poison Magic
 + Level 2.0 Invocations
 + Level 1.8 Evocations


You had 10 spell levels left.
You knew the following spells:

 Your Spells              Type           Power        Failure   Level  Hunger
a - Magic Dart            Conj           ###.         4%          1    None
b - Blink                 Tloc           N/A          6%          2    None
c - Mephitic Cloud        Conj/Pois/Air  ##......     17%         3    #......
d - Conjure Flame         Conj/Fire      ###.....     16%         3    #......

Your spell library contained the following spells:

 Spells                   Type           Power        Failure   Level  Hunger
 Call Imp                 Summ           ###.....     6%          2    None
 Animate Skeleton         Necr           N/A          7%          1    None
 Pain                     Necr           ##..         7%          1    None
 Slow                     Hex            ##......     10%         2    None
 Regeneration             Chrm/Necr      ##........   21%         3    #......
 Vampiric Draining        Necr           ##........   21%         3    #......
 Animate Dead             Necr           N/A          54%         4    ###....


Dungeon Overview and Level Annotations

Branches:
Dungeon (3/15)

Altars:
Ru


Innate Abilities, Weirdness & Mutations

Your experience applies equally to all skills.
You have very sharp teeth.
Your uncanny sense of smell can sniff out nearby items.


Message History

Aim: a small abomination (translocational energy, hasn't noticed you)
The magic dart hits the small abomination.
Casting: Magic Dart (safe; 4% risk of failure)
Confirm with . or Enter, or press ? or * to list all spells.
Aiming: Magic Dart (safe; 4% risk of failure)
Press: ? - help, Shift-Dir - straight line, f/p - small abomination
Aim: a small abomination (translocational energy)
The magic dart hits the small abomination.
Casting: Magic Dart (safe; 4% risk of failure)
Confirm with . or Enter, or press ? or * to list all spells.
Aiming: Magic Dart (safe; 4% risk of failure)
Press: ? - help, Shift-Dir - straight line, f/p - small abomination
Aim: a small abomination The magic dart hits the small abomination.
You barely miss the small abomination.
You bite the small abomination, but do no damage.
The small abomination hits you.
* * * LOW HITPOINT WARNING * * *
The small abomination hits you!
You die...

. #..........#
..#.
#.##.......## ..
............## #
# ## #......#..#
.
.......).....####
...#
####.....#..# #..
.#.#....## .
...........## ∆
.# .... #...x@# ∆
...##...###### .
#...# # # .#### ∆


You could see a small abomination.

Vanquished Creatures
  Sigmund (D:2)
  Jessica (D:2)
  A gnoll (D:3)
  2 adders (D:2)
  2 worms (D:2)
  A dart slug (D:1)
  4 leopard geckos
  4 giant cockroaches
  5 goblins
  3 hobgoblins
  7 jackals
  A quokka (D:3)
  A ball python (D:2)
  8 bats
  6 frilled lizards
  6 kobolds
  4 rats
57 creatures vanquished.

Notes
Turn   | Place    | Note
-------+----------+-------------------------------------------
     0 | D:1      | Ijustatesigmund the Gnoll Wizard began the quest for the
                  | Orb.
     0 | D:1      | Reached XP level 1. HP: 13/13 MP: 8/8
   322 | D:1      | Reached XP level 2. HP: 19/19 MP: 7/10
   326 | D:1      | Learned a level 2 spell: Blink
   713 | D:1      | You fall through a shaft!
   805 | D:2      | Reached XP level 3. HP: 25/25 MP: 4/11
  1143 | D:1      | Reached skill level 1 in Invocations
  1181 | D:1      | Learned a level 3 spell: Mephitic Cloud
  1185 | D:1      | Learned a level 3 spell: Conjure Flame
  1461 | D:2      | Noticed Jessica
  1464 | D:2      | Noticed Sigmund
  1469 | D:2      | Killed Jessica
  1469 | D:2      | Reached skill level 1 in Fighting
  1469 | D:2      | Reached skill level 1 in Short Blades
  1469 | D:2      | Reached skill level 1 in Long Blades
  1469 | D:2      | Reached skill level 1 in Axes
  1469 | D:2      | Reached skill level 1 in Maces & Flails
  1469 | D:2      | Reached skill level 1 in Polearms
  1469 | D:2      | Reached skill level 1 in Staves
  1469 | D:2      | Reached skill level 1 in Slings
  1469 | D:2      | Reached skill level 1 in Bows
  1469 | D:2      | Reached skill level 1 in Crossbows
  1469 | D:2      | Reached skill level 1 in Throwing
  1469 | D:2      | Reached skill level 1 in Armour
  1469 | D:2      | Reached skill level 1 in Shields
  1469 | D:2      | Reached skill level 1 in Unarmed Combat
  1469 | D:2      | Reached skill level 1 in Evocations
  1469 | D:2      | Reached XP level 4. HP: 23/32 MP: 4/13
  1803 | D:2      | Killed Sigmund
  1803 | D:2      | Reached skill level 1 in Hexes
  1803 | D:2      | Reached skill level 1 in Charms
  1803 | D:2      | Reached skill level 1 in Necromancy
  1803 | D:2      | Reached skill level 1 in Transmutations
  1803 | D:2      | Reached skill level 1 in Fire Magic
  1803 | D:2      | Reached skill level 1 in Ice Magic
  1803 | D:2      | Reached skill level 1 in Air Magic
  1803 | D:2      | Reached skill level 1 in Earth Magic
  1803 | D:2      | Reached skill level 1 in Poison Magic
  1803 | D:2      | Reached XP level 5. HP: 26/38 MP: 1/14
  1803 | D:2      | Reached XP level 6. HP: 30/44 MP: 1/16
  2588 | D:3      | Found a sacrificial altar of Ru.
  2693 | D:3      | Cast into level 1 of the Abyss (gnoll)
  2718 | Abyss:1  | Noticed a small abomination
  2721 | Abyss:1  | Slain by a small abomination

Vault maps used:
D:1:      dpeg_chamrin_arrival_tetris, feat_on_display
D:2:      grunt_decor_mini_mirrors, uniq_jessica, uniq_sigmund
D:3:      lightli_temple_of_fire, lemuel_round_altar, tso_oasis_becter

Skill      XL: |  1  2  3  4  5  6 |
---------------+-------------------+-----
Conjurations   | 2 |  2.5
Summonings     | 2 |  2.5
Translocations | 2 |  2.5
Invocations    | 1 2 |  2.0
Fighting       | 1 |  1.8
Short Blades   | 1 |  1.8
Long Blades    | 1 |  1.8
Axes           | 1 |  1.8
Maces & Flails | 1 |  1.8
Polearms       | 1 |  1.8
Staves         | 1 |  1.8
Slings         | 1 |  1.8
Bows           | 1 |  1.8
Crossbows      | 1 |  1.8
Throwing       | 1 |  1.8
Armour         | 1 |  1.8
Shields        | 1 |  1.8
Unarmed Combat | 1 |  1.8
Evocations     | 1 |  1.8
Hexes          | 1 |  1.4
Charms         | 1 |  1.4
Necromancy     | 1 |  1.4
Transmutations | 1 |  1.4
Fire Magic     | 1 |  1.4
Ice Magic      | 1 |  1.4
Air Magic      | 1 |  1.4
Earth Magic    | 1 |  1.4
Poison Magic   | 1 |  1.4
Dodging        | |  4.9
Stealth        | |  4.5
Spellcasting   | |  7.4

Action                   |  1- 3 |  4- 6 || total
-------------------------+-------+-------++-------
Melee: Spear             |    24 |    43 ||    67
       Whip              |     7 |       ||     7
       Bite              |     2 |     7 ||     9
       Punch             |       |     2 ||     2
 Cast: Magic Dart        |    60 |    55 ||   115
       Mephitic Cloud    |     1 |     3 ||     4
  Use: Scroll            |     2 |     4 ||     6
 Stab: Sleeping          |     1 |       ||     1
       Confused          |     2 |       ||     2
  Eat: Chunk             |     1 |     1 ||     2
       Ration            |       |     1 ||     1
Armor: Robe              |    10 |     5 ||    15
       Leather armour    |       |     5 ||     5
Dodge: Dodged            |    36 |    31 ||    67

Table legend:
 A = Non-vault XP
 B = Vault XP
 C = Vault XP percentage of total XP
 D = Non-vault monster count
 E = Vault monster count
 F = Vault count percentage of total count
                 A         B        C        D         E       F
            +---------+---------+-------+---------+---------+-------
      Total |     132 |     260 |  66.3 |      55 |       2 |   3.5
            +---------+---------+-------+---------+---------+-------
        D:1 |      47 |       0 |   0.0 |      28 |       0 |   0.0
        D:2 |      60 |     260 |  81.2 |      18 |       2 |  10.0
        D:3 |      25 |       0 |   0.0 |       9 |       0 |   0.0
            +---------+---------+-------+---------+---------+-------
